 Dungeon Crawl Stone Soup version 0.22-a0-565-gfc6459a524 (webtiles) character file.

5028 Foic the Scholar of Death (level 10, 0/74 HPs)
             Began as a Gnoll Necromancer on June 28, 2018.
             Was a Follower of Kikubaaqudgha.
             Slain by an unseen horror (9 damage)
             ... on level 8 of the Dungeon.
             The game lasted 00:59:50 (8667 turns).

Foic the Scholar of Death (Gnoll Necromancer)       Turns: 8667, Time: 00:59:50

Health: 0/74       AC:  8    Str: 10    XL:     10   Next: 55%
Magic:  30/30      EV: 14    Int: 26    God:    Kikubaaqudgha [*.....]
Gold:   393        SH:  0    Dex: 15    Spells: 11/23 levels left

rFire    + . .     SeeInvis .   a - +6 rapier "Hydra's Regret" {freeze, +Blink +Rage Int+4}
rCold    . . .     Gourm    .   (no shield)
rNeg     . . .     Faith    .   O - +0 ring mail
rPois    .         Spirit   .   (no helmet)
rElec    .         Reflect  .   (no cloak)
rCorr    .         Harm     .   J - +0 pair of gloves
MR       .....                  j - +0 pair of boots
Stlth    +++.......             I - amulet of magic regeneration
HPRegen  0.22/turn              e - ring of protection from fire
MPRegen  0.47/turn              p - ring of magical power

@: no status effects
A: distributed training, fangs 1, strong nose
a: Receive Corpses, Renounce Religion, Evoke Blink, Evoke Berserk Rage


You were on level 8 of the Dungeon.
You worshipped Kikubaaqudgha.
Kikubaaqudgha was aware of your devotion.
You were not hungry.

You visited 2 branches of the dungeon, and saw 9 of its levels.

You collected 393 gold pieces.

Inventory:

Hand Weapons
 a - the +6 rapier "Hydra's Regret" (weapon) {freeze, +Blink +Rage Int+4}
   (You took it off a kobold on level 6 of the Dungeon)

   It has been specially enchanted to freeze those struck by it, causing extra
   injury to most foes and up to half again as much damage against particularly
   susceptible opponents.
   It can also slow down cold-blooded creatures.
   It affects your intelligence (+4).
   It lets you blink.
   It lets you go berserk.
 b - a +2 hunting sling of flaming
 d - a +0 dagger of venom
 L - a +2 mace of protection
Missiles
 h - 37 sling bullets
 r - 28 poisoned needles
 s - 143 stones (quivered)
 F - 6 curare-tipped needles
 Q - 3 needles of paralysis
Armour
 f - a +0 scale mail
 j - a +0 pair of boots (worn)
 m - a +0 robe
 o - a +0 buckler
 q - a +0 leather armour
 v - a +0 shield
 J - a +0 pair of gloves (worn)
 O - a +0 ring mail (worn)
Jewellery
 e - a ring of protection from fire (left hand)
 p - a ring of magical power (right hand)
 B - an uncursed ring of ice
 E - an uncursed amulet of harm
 I - an amulet of magic regeneration (around neck)
Wands
 g - a wand of paralysis (4)
 N - a wand of polymorph (13)
Scrolls
 l - 10 scrolls of identify
 n - 2 scrolls of enchant armour {unknown}
 w - a scroll of random uselessness {unknown}
 y - 4 scrolls of remove curse {unknown}
 A - 3 scrolls of magic mapping {unknown}
 C - 2 scrolls of amnesia {unknown}
 D - 3 scrolls of fear {unknown}
 G - 3 scrolls of noise {unknown}
 H - 2 scrolls of teleportation {unknown}
 K - a scroll of acquirement {unknown}
 P - a scroll of torment {unknown}
Potions
 k - 4 potions of curing
 t - a potion of heal wounds
 u - a potion of haste
 x - 2 potions of lignification {unknown}
 z - 3 potions of brilliance {unknown}
 M - a potion of berserk rage {unknown}
 R - a potion of agility {unknown}
Comestibles
 c - 17 rations
 i - a chunk of flesh


   Skills:
 + Level 5.3 Fighting
 + Level 5.3 Short Blades
 + Level 5.3 Long Blades
 + Level 5.3 Axes
 + Level 5.3 Maces & Flails
 + Level 5.3 Polearms
 + Level 5.3 Staves
 + Level 5.3 Slings
 + Level 5.3 Bows
 + Level 5.3 Crossbows
 + Level 5.3 Throwing
 + Level 5.3 Armour
 + Level 7.1 Dodging
 + Level 6.8 Stealth
 + Level 5.3 Shields
 + Level 5.3 Unarmed Combat
 + Level 7.3 Spellcasting
 + Level 4.3 Conjurations
 + Level 4.3 Hexes
 + Level 4.3 Charms
 + Level 4.3 Summonings
 + Level 8.4 Necromancy
 + Level 4.3 Translocations
 + Level 4.3 Transmutations
 + Level 4.3 Fire Magic
 + Level 4.3 Ice Magic
 + Level 4.3 Air Magic
 + Level 4.3 Earth Magic
 + Level 4.3 Poison Magic
 + Level 5.8 Invocations
 + Level 5.3 Evocations


You had 11 spell levels left.
You knew the following spells:

 Your Spells              Type           Power        Failure   Level  Hunger
a - Pain                  Necr           ####         1%          1    None
b - Animate Skeleton      Necr           N/A          1%          1    None
c - Animate Dead          Necr           N/A          4%          4    ##.....
d - Regeneration          Chrm/Necr      #####.....   3%          3    None
e - Vampiric Draining     Necr           ######....   1%          3    None

Your spell library contained the following spells:

 Spells                   Type           Power        Failure   Level  Hunger
 Throw Frost              Conj/Ice       ####..       3%          2    None
 Freeze                   Ice            ####         2%          1    None
 Summon Ice Beast         Ice/Summ       ####....     24%         4    ##.....
 Ozocubu's Armour         Chrm/Ice       ####....     7%          3    None
 Sublimation of Blood     Necr           ######....   1%          2    None
 Corpse Rot               Necr           N/A          1%          2    None
 Throw Icicle             Conj/Ice       ####....     24%         4    ##.....


Dungeon Overview and Level Annotations

Branches:
Dungeon (8/15)             Temple (1/1) D:6
   Lair: D:8-11

Altars:
Ashenzari
Cheibriados
Dithmenos
Elyvilon
Fedhas
Gozag
Hepliaklqana
Kikubaaqudgha
Makhleb
Nemelex Xobeh
Okawaru
Ru
Sif Muna
Trog
Uskayaw
Vehumet
Wu Jian
Xom
Yredelemnul
Zin
The Shining One

Shops:
D:5 (


Innate Abilities, Weirdness & Mutations

Your experience applies equally to all skills.
You have very sharp teeth.
Your uncanny sense of smell can sniff out nearby items.


Message History

Something hits you.
* * * LOW HITPOINT WARNING * * *
Your skin stops crawling.
Something hits you.
* * * LOW HITPOINT WARNING * * *
Something barely misses you. Something hits you but does no damage.
Something hits you.
* * * LOW HITPOINT WARNING * * *
Something barely misses you.
You feel much better. Something hits you but does no damage.
Something hits you but does no damage. Something hits you! Something hits you!
* * * LOW HITPOINT WARNING * * *
Something hits you!
* * * LOW HITPOINT WARNING * * *
There is a stone staircase leading up, spattered with blood here.
Something barely misses you. Something hits you!
You die...
Kikubaaqudgha rasps: "You have failed me!
Welcome... death!"

#.......<.### #..###
#...........## #..#
#.........#..# #.[#
############.####..#
#...##..# ###....#####
##########.......##
...........#.###..##
######@............ ###
##.####.######
#...###..# #.# #...#.##
#.# #....# #.#
###..####.##
#.........####
........###.....#######
####.##>.##.###........


There were no monsters in sight!

Vanquished Creatures
  Pikel (D:5)
  A cyclops (D:7)
  Grinder (D:5)
  A hippogriff (D:8)
  3 slime creatures
  A human (D:7)
  4 yaks
  3 hogs
  2 ice beasts
  3 sky beasts
  An ogre (D:4)
  A phantom (D:7)
  A big kobold (D:6)
  A bullfrog (D:6)
  A wyvern zombie (D:7)
  A scorpion (D:7)
  5 killer bees
  An electric eel (D:7)
  3 crimson imps
  2 bullfrog zombies (D:5)
  A gnoll shaman (D:5)
  An orc priest (D:7)
  3 hounds
  4 jellies
  An iguana (D:5)
  3 orc wizards
  5 worker ants
  6 gnolls
  4 adders
  A shadow imp (D:6)
  5 oozes (D:6)
  A worm (D:5)
  4 dart slugs
  7 leopard geckos
  12 orcs
  3 giant cockroaches
  9 goblins
  4 hobgoblins
  7 jackals
  10 kobolds
  3 quokkas
  A ball python (D:2)
  3 bats
  9 frilled lizards
  A leopard gecko skeleton (D:4)
  A quokka zombie (D:5)
  2 rats (D:3)
148 creatures vanquished.

Vanquished Creatures (collateral kills)
  A centaur zombie (D:8)
  An adder (D:4)
  A bat (D:3)
  A frilled lizard (D:4)
4 creatures vanquished.

Vanquished Creatures (others)
  4 jackals (D:5)
  A frilled lizard (D:5)
  4 fungi (D:6)
  9 toadstools (D:6)
18 creatures vanquished.

Grand Total: 170 creatures vanquished

Notes
Turn   | Place    | Note
-------+----------+-------------------------------------------
     0 | D:1      | Foic the Gnoll Necromancer began the quest for the Orb.
     0 | D:1      | Reached XP level 1. HP: 13/13 MP: 6/6
     2 | D:1      | Learned a level 1 spell: Animate Skeleton
    27 | D:1      | Reached XP level 2. HP: 15/20 MP: 1/7
   558 | D:1      | Reached XP level 3. HP: 14/25 MP: 6/9
   794 | D:1      | Reached skill level 5 in Spellcasting
  1403 | D:2      | Reached skill level 1 in Invocations
  1555 | D:2      | Reached skill level 1 in Fighting
  1555 | D:2      | Reached skill level 1 in Short Blades
  1555 | D:2      | Reached skill level 1 in Long Blades
  1555 | D:2      | Reached skill level 1 in Axes
  1555 | D:2      | Reached skill level 1 in Maces & Flails
  1555 | D:2      | Reached skill level 1 in Polearms
  1555 | D:2      | Reached skill level 1 in Staves
  1555 | D:2      | Reached skill level 1 in Slings
  1555 | D:2      | Reached skill level 1 in Bows
  1555 | D:2      | Reached skill level 1 in Crossbows
  1555 | D:2      | Reached skill level 1 in Throwing
  1555 | D:2      | Reached skill level 1 in Armour
  1555 | D:2      | Reached skill level 1 in Shields
  1555 | D:2      | Reached skill level 1 in Unarmed Combat
  1555 | D:2      | Reached skill level 1 in Evocations
  1814 | D:2      | Reached XP level 4. HP: 32/32 MP: 9/11
  2031 | D:3      | Learned a level 4 spell: Animate Dead
  2035 | D:3      | Learned a level 3 spell: Regeneration
  2913 | D:4      | Reached skill level 1 in Conjurations
  2913 | D:4      | Reached skill level 1 in Hexes
  2913 | D:4      | Reached skill level 1 in Charms
  2913 | D:4      | Reached skill level 1 in Summonings
  2913 | D:4      | Reached skill level 1 in Translocations
  2913 | D:4      | Reached skill level 1 in Transmutations
  2913 | D:4      | Reached skill level 1 in Fire Magic
  2913 | D:4      | Reached skill level 1 in Ice Magic
  2913 | D:4      | Reached skill level 1 in Air Magic
  2913 | D:4      | Reached skill level 1 in Earth Magic
  2913 | D:4      | Reached skill level 1 in Poison Magic
  3095 | D:4      | Reached XP level 5. HP: 35/37 MP: 12/12
  3417 | D:4      | Noticed an ogre
  3420 | D:4      | Killed an ogre
  3420 | D:4      | Reached XP level 6. HP: 44/44 MP: 14/14
  3884 | D:5      | Entered Level 5 of the Dungeon
  3884 | D:5      | Noticed a sky beast
  3889 | D:5      | Reached skill level 5 in Dodging
  3899 | D:4      | HP: 1/44 [something (5)]
  3988 | D:4      | Killed a sky beast
  4038 | D:5      | Reached XP level 7. HP: 41/50 MP: 15/15
  4080 | D:5      | Noticed Grinder
  4103 | D:5      | Killed Grinder
  4332 | D:5      | Noticed Pikel
  4359 | D:5      | Killed Pikel
  4359 | D:5      | Reached skill level 5 in Stealth
  4359 | D:5      | Reached XP level 8. HP: 41/58 MP: 17/17
  4662 | D:5      | Found Fug Nues's Antique Weapon Shop.
  5515 | D:6      | Found a staircase to the Ecumenical Temple.
  5524 | Temple   | Entered the Ecumenical Temple
  5636 | Temple   | Became a worshipper of Kikubaaqudgha
  5977 | D:6      | Got a translucent rapier {freeze}
  5978 | D:6      | Identified the +6 rapier "Hydra's Regret" {freeze, +Blink +Rage Int+4} (You took it off a kobold on level 6 of the Dungeon)
  6016 | D:6      | Noticed a slime creature
  6016 | D:6      | Noticed a slime creature
  6120 | D:6      | Killed a slime creature
  6120 | D:6      | Reached XP level 9. HP: 40/65 MP: 18/18
  6169 | D:6      | Found a bloodstained altar of Trog.
  6178 | D:6      | Found an iron altar of Okawaru.
  6961 | D:6      | Reached skill level 8 in Necromancy
  7082 | D:6      | Reached * piety under Kikubaaqudgha
  7082 | D:6      | Identified Kikubaaqudgha's Catalogue of Unholy Secrets (Kikubaaqudgha gifted it to you on level 6 of the Dungeon)
  7082 | D:6      | Received a gift from Kikubaaqudgha
  7229 | D:7      | Reached skill level 5 in Invocations
  7644 | D:7      | Learned a level 3 spell: Vampiric Draining
  7659 | D:7      | Reached XP level 10. HP: 48/73 MP: 20/20
  7683 | D:7      | Noticed a cyclops
  7704 | D:7      | Killed a cyclops
  7875 | D:8      | Reached skill level 5 in Fighting
  7875 | D:8      | Reached skill level 5 in Short Blades
  7875 | D:8      | Reached skill level 5 in Long Blades
  7875 | D:8      | Reached skill level 5 in Axes
  7875 | D:8      | Reached skill level 5 in Maces & Flails
  7875 | D:8      | Reached skill level 5 in Polearms
  7875 | D:8      | Reached skill level 5 in Staves
  7875 | D:8      | Reached skill level 5 in Slings
  7875 | D:8      | Reached skill level 5 in Bows
  7875 | D:8      | Reached skill level 5 in Crossbows
  7875 | D:8      | Reached skill level 5 in Throwing
  7875 | D:8      | Reached skill level 5 in Armour
  7875 | D:8      | Reached skill level 5 in Shields
  7875 | D:8      | Reached skill level 5 in Unarmed Combat
  7875 | D:8      | Reached skill level 5 in Evocations
  8527 | D:8      | Found a deep blue altar of Sif Muna.
  8667 | D:8      | Slain by an unseen horror

Vault maps used:
D:1:      saegor_arrival_simple_d, minivault_5, minmay_crystal_water
D:2:      first_ration
D:3:      st_stairs_4
D:5:      serial_shops, shop, uniq_pikel, uniq_grinder, uniq_crazy_yiuf_cottage
D:6:      cheibrodos_fertilizer, grunt_temple_overflow_bloody_war,
          minmay_temple_entry_poolview
D:7:      minmay_cornered_nines, grunt_livestock, kennysheep_minor_cross
D:8:      minmay_klotski, kennysheep_little_box, grunt_qazlal_clouds,
          minmay_misc_feat_enclosed
Temple:   dpeg_five_rooms_temple

Skill      XL: |  1  2  3  4  5  6  7  8  9 10 |
---------------+-------------------------------+-----
Spellcasting   | 5 6 7 |  7.3
Invocations    | 1 2 3 4 5 |  5.8
Fighting       | 1 2 3 4 5 |  5.3
Short Blades   | 1 2 3 4 5 |  5.3
Long Blades    | 1 2 3 4 5 |  5.3
Axes           | 1 2 3 4 5 |  5.3
Maces & Flails | 1 2 3 4 5 |  5.3
Polearms       | 1 2 3 4 5 |  5.3
Staves         | 1 2 3 4 5 |  5.3
Slings         | 1 2 3 4 5 |  5.3
Bows           | 1 2 3 4 5 |  5.3
Crossbows      | 1 2 3 4 5 |  5.3
Throwing       | 1 2 3 4 5 |  5.3
Armour         | 1 2 3 4 5 |  5.3
Shields        | 1 2 3 4 5 |  5.3
Unarmed Combat | 1 2 3 4 5 |  5.3
Evocations     | 1 2 3 4 5 |  5.3
Conjurations   | 1 2 3 4 |  4.3
Hexes          | 1 2 3 4 |  4.3
Charms         | 1 2 3 4 |  4.3
Summonings     | 1 2 3 4 |  4.3
Translocations | 1 2 3 4 |  4.3
Transmutations | 1 2 3 4 |  4.3
Fire Magic     | 1 2 3 4 |  4.3
Ice Magic      | 1 2 3 4 |  4.3
Air Magic      | 1 2 3 4 |  4.3
Earth Magic    | 1 2 3 4 |  4.3
Poison Magic   | 1 2 3 4 |  4.3
Dodging        | 5 6 7 |  7.1
Stealth        | 5 6 |  6.8
Necromancy     | 8 |  8.4

Action                   |  1- 3 |  4- 6 |  7- 9 | 10-12 || total
-------------------------+-------+-------+-------+-------++-------
Melee: Mace              |       |    37 |    73 |       ||   110
       Bite              |       |     4 |    21 |     4 ||    29
       Hunting sling     |       |     3 |       |       ||     3
       Rapier            |       |       |    99 |    41 ||   140
       Punch             |       |       |     3 |       ||     3
 Fire: Hunting sling     |       |    17 |    52 |     2 ||    71
Throw: Stone             |       |     3 |       |       ||     3
 Cast: Pain              |    49 |    51 |   102 |    12 ||   214
       Animate Skeleton  |     3 |     6 |     2 |       ||    11
       Animate Dead      |       |     3 |     5 |     3 ||    11
       Regeneration      |       |     4 |    15 |     4 ||    23
       Vampiric Draining |       |       |       |    25 ||    25
  Use: Scroll            |       |     4 |     2 |       ||     6
       Potion            |       |       |     4 |     1 ||     5
 Stab: Distracted        |       |       |     1 |       ||     1
       Sleeping          |       |       |       |     1 ||     1
  Eat: Chunk             |     2 |     7 |     7 |     4 ||    20
       Ration            |       |       |     2 |       ||     2
Armor: Scale mail        |     4 |     1 |       |       ||     5
       Leather armour    |       |    29 |    35 |       ||    64
       Ring mail         |       |       |    20 |    35 ||    55
Dodge: Dodged            |     2 |    29 |   130 |    59 ||   220

Table legend:
 A = Spawn XP
 B = Non-spawn XP
 C = Spawn XP percentage of total XP
 D = Spawn monster count
 E = Non-spawn monster count
 F = Spawn count percentage of total count
 G = Total turns spent on level
                    A         B        C        D         E        F      G
               +---------+---------+-------+---------+---------+-------+---------
         Total |       0 |    7184 |   0.0 |       0 |     152 |   0.0 |  8667
               +---------+---------+-------+---------+---------+-------+---------
           D:1 |       0 |      51 |   0.0 |       0 |      19 |   0.0 |  1377
           D:2 |       0 |      33 |   0.0 |       0 |      12 |   0.0 |   543
           D:3 |       0 |      27 |   0.0 |       0 |      15 |   0.0 |   892
           D:4 |       0 |     451 |   0.0 |       0 |      19 |   0.0 |  1201
           D:5 |       0 |    1252 |   0.0 |       0 |      17 |   0.0 |  1114
           D:6 |       0 |    1708 |   0.0 |       0 |      34 |   0.0 |  1661
           D:7 |       0 |    2679 |   0.0 |       0 |      27 |   0.0 |  1229
           D:8 |       0 |     983 |   0.0 |       0 |       9 |   0.0 |   444
               +---------+---------+-------+---------+---------+-------+---------
